BR (22 & UNDER)
CORONADO ECLIPSE @ ATLANTIC CITY WAR DOGS
07/30/2029
 
TOP OF THE 1ST
Coronado Eclipse batting - Pitching for Atlantic City War Dogs : LHP Mark Schlosser
Pitching: LHP Mark Schlosser
Batting: RHB Arturo Franco 0-0: Bunted foul
0-1: Ball
1-1: Swinging Strike
1-2: Hit by Pitch
Batting: SHB Luis Sotelo 0-0: Fly out, F9 (Flyball, 9S)
Batting: RHB Júlio Serra 0-0: Ball
1-0: TRIPLE (Line Drive, 8RXD)
Arturo Franco scores
Batting: RHB Ramón Sánchez 0-0: Called Strike
0-1: Ball
1-1: SINGLE (Line Drive, 6MD)
Júlio Serra scores
Batting: RHB Ricardo Aguilar 0-0: Ball
1-0: Called Strike
1-1: Ball
2-1: Fly out, F8 (Flyball, 8LS)
Batting: LHB Todd Emery 0-0: Ball
1-0: Called Strike
1-1: DOUBLE (Flyball, 78D)
Ramón Sánchez to third
Batting: LHB Julián Díaz 0-0: Ball
1-0: Ball
2-0: Called Strike
2-1: Ball
3-1: Fly out, F9 (Flyball, 89S)
Top of the 1st over - 2 runs, 3 hits, 0 errors, 2 left on base; Coronado 2 - Atlantic City 0
BOTTOM OF THE 1ST
Atlantic City War Dogs batting - Pitching for Coronado Eclipse : RHP Paul McGowan
Pitching: RHP Paul McGowan
Batting: LHB Chris Martin 0-0: Called Strike
0-1: Swinging Strike
0-2: Ball
1-2: Ball
2-2: SINGLE (Line Drive, 7S)
Batting: SHB Pedro Torres 0-0: Ball
1-0: Called Strike
1-1: Fly out, F9 (Flyball, 9LS)
Batting: RHB Kevin Robinson 0-0: Ball
1-0: Ball
2-0: Ground out 5-3 (Groundball, 56S)
Chris Martin to second
Batting: SHB Ed Nelson 0-0: Swinging Strike
0-1: Foul Ball, location: 2F
0-2: Strikes out swinging
Bottom of the 1st over - 0 runs, 1 hit, 0 errors, 1 left on base; Coronado 2 - Atlantic City 0
TOP OF THE 2ND
Coronado Eclipse batting - Pitching for Atlantic City War Dogs : LHP Mark Schlosser
Batting: SHB José Acevedo 0-0: Fly out, F9 (Flyball, 9LMF)
Batting: LHB António Ramírez 0-0: Ground out 1-3 (Groundball, 15S)
Batting: RHB Arturo Franco 0-0: Called Strike
0-1: Called Strike
0-2: Ball
1-2: Foul Ball, location: 2F
1-2: Ground out 1-3 (Groundball, 13)
Top of the 2nd over - 0 runs, 0 hits, 0 errors, 0 left on base; Coronado 2 - Atlantic City 0
BOTTOM OF THE 2ND
Atlantic City War Dogs batting - Pitching for Coronado Eclipse : RHP Paul McGowan
Batting: RHB Ed Vega 0-0: Ball
1-0: Fly out, F5 (Popup, 56)
Batting: RHB David Gallardo 0-0: Ball
1-0: Ball
2-0: Swinging Strike
2-1: Swinging Strike
2-2: Foul Ball, location: 2F
2-2: Foul Ball, location: 2F
2-2: Strikes out swinging
Batting: RHB Wyatt Wallace 0-0: Called Strike
0-1: SINGLE (Groundball, 34D)
Batting: SHB Luis Días 0-0: Foul Ball, location: 2F
0-1: Foul Ball, location: 2F
0-2: Ball
1-2: Ball
2-2: Foul Ball, location: 2F
2-2: Foul Ball, location: 2F
2-2: Strikes out swinging
Bottom of the 2nd over - 0 runs, 1 hit, 0 errors, 1 left on base; Coronado 2 - Atlantic City 0
TOP OF THE 3RD
Coronado Eclipse batting - Pitching for Atlantic City War Dogs : LHP Mark Schlosser
Batting: SHB Luis Sotelo 0-0: Ball
1-0: Swinging Strike
1-1: Called Strike
1-2: Ball
2-2: Strikes out swinging
Batting: RHB Júlio Serra 0-0: Ball
1-0: SINGLE (Groundball, 6MD)
Batting: RHB Ramón Sánchez 0-0: Fly out, F8 (Line Drive, 78D)
Batting: RHB Ricardo Aguilar 0-0: Called Strike
0-1: Swinging Strike
0-2: Strikes out swinging
Top of the 3rd over - 0 runs, 1 hit, 0 errors, 1 left on base; Coronado 2 - Atlantic City 0
BOTTOM OF THE 3RD
Atlantic City War Dogs batting - Pitching for Coronado Eclipse : RHP Paul McGowan
Batting: RHB Jesús León 0-0: Called Strike
0-1: Fly out, F5 (Line Drive, 5)
Batting: LHB Chris Martin 0-0: Ball
1-0: Reached via error on a dropped throw, E1
Batting: SHB Pedro Torres 0-0: Ball
1-0: Swinging Strike
1-1: Swinging Strike
1-2: Ball
2-2: Ball
3-2: Base on Balls
Chris Martin to second
Batting: RHB Kevin Robinson 0-0: Swinging Strike
0-1: Fly out, F7 (Flyball, 7LM)
Batting: SHB Ed Nelson 0-0: Ball
1-0: Foul Ball, location: 2F
1-1: Foul Ball, location: 2F
1-2: Ball
2-2: Ground out 4-3 (Groundball, 4)
Bottom of the 3rd over - 0 runs, 0 hits, 1 error, 2 left on base; Coronado 2 - Atlantic City 0
TOP OF THE 4TH
Coronado Eclipse batting - Pitching for Atlantic City War Dogs : LHP Mark Schlosser
Batting: LHB Todd Emery 0-0: Called Strike
0-1: Ground out U3 (Groundball, 3)
Batting: LHB Julián Díaz 0-0: Called Strike
0-1: Called Strike
0-2: Strikes out swinging
Batting: SHB José Acevedo 0-0: Ground out 5-3 (Groundball, 56)
Top of the 4th over - 0 runs, 0 hits, 0 errors, 0 left on base; Coronado 2 - Atlantic City 0
BOTTOM OF THE 4TH
Atlantic City War Dogs batting - Pitching for Coronado Eclipse : RHP Paul McGowan
Batting: RHB Ed Vega 0-0: Ball
1-0: Foul Ball, location: 2F
1-1: Ball
2-1: Swinging Strike
2-2: Foul Ball, location: 2F
2-2: Ball
3-2: Foul Ball, location: 2F
3-2: Strikes out swinging
Batting: RHB David Gallardo 0-0: Fly out, F9 (Flyball, 9)
Batting: RHB Wyatt Wallace 0-0: Called Strike
0-1: Ball
1-1: Ball
2-1: Ball
3-1: Base on Balls
Batting: SHB Luis Días 0-0: Called Strike
0-1: Ground out 4-3 (Groundball, 34)
Bottom of the 4th over - 0 runs, 0 hits, 0 errors, 1 left on base; Coronado 2 - Atlantic City 0
TOP OF THE 5TH
Coronado Eclipse batting - Pitching for Atlantic City War Dogs : LHP Mark Schlosser
Batting: LHB António Ramírez 0-0: Fly out, F8 (Flyball, 89M)
Batting: RHB Arturo Franco 0-0: Called Strike
0-1: Foul Ball, location: 2F
0-2: Ball
1-2: Ball
2-2: Foul Ball, location: 2F
2-2: Hit by Pitch
Batting: SHB Luis Sotelo 0-0: Ball
1-0: Called Strike
1-1: Called Strike
1-2: Fielders Choice at 2nd, 5-4 (Groundball, 5)
Batting: RHB Júlio Serra 0-0: Foul Ball, location: 2F
0-1: Swinging Strike
0-2: Hit by Pitch
Luis Sotelo to second
Batting: RHB Ramón Sánchez 0-0: Ball
1-0: Foul Ball, location: 2F
1-1: Ball
2-1: Swinging Strike
2-2: Fielders Choice at 2nd, 6-4 (Groundball, 6)
Top of the 5th over - 0 runs, 0 hits, 0 errors, 2 left on base; Coronado 2 - Atlantic City 0
BOTTOM OF THE 5TH
Atlantic City War Dogs batting - Pitching for Coronado Eclipse : RHP Paul McGowan
Batting: RHB Jesús León 0-0: Called Strike
0-1: Ball
1-1: Called Strike
1-2: Strikes out looking
Batting: LHB Chris Martin 0-0: Ball
1-0: Swinging Strike
1-1: Ball
2-1: Foul Ball, location: 2F
2-2: Foul Ball, location: 2F
2-2: Strikes out swinging
Batting: SHB Pedro Torres 0-0: Called Strike
0-1: Ball
1-1: Foul Ball, location: 2F
1-2: Hit by Pitch
Batting: RHB Kevin Robinson 0-0: Called Strike
0-1: Ground out 4-3 (Groundball, 4)
Bottom of the 5th over - 0 runs, 0 hits, 0 errors, 1 left on base; Coronado 2 - Atlantic City 0
TOP OF THE 6TH
Coronado Eclipse batting - Pitching for Atlantic City War Dogs : LHP Mark Schlosser
Batting: RHB Ricardo Aguilar 0-0: Ball
1-0: Called Strike
1-1: Swinging Strike
1-2: Foul Ball, location: 2F
1-2: SINGLE (Groundball, 6MD)
Batting: LHB Todd Emery 0-0: Called Strike
0-1: Ball
1-1: Ball
2-1: 2-RUN HOME RUN (Flyball, 7LD), Distance : 360 ft
Batting: LHB Julián Díaz 0-0: Ground out U3 (Groundball, 3L)
Batting: SHB José Acevedo 0-0: Ball
1-0: Swinging Strike
1-1: Foul Ball, location: 2F
1-2: Ball
2-2: Ball
3-2: Foul Ball, location: 2F
3-2: Strikes out swinging
Batting: LHB António Ramírez 0-0: Ball
1-0: Called Strike
1-1: Foul Ball, location: 2F
1-2: Fly out, F4 (Popup, 4S)
Top of the 6th over - 2 runs, 2 hits, 0 errors, 0 left on base; Coronado 4 - Atlantic City 0
BOTTOM OF THE 6TH
Atlantic City War Dogs batting - Pitching for Coronado Eclipse : RHP Paul McGowan
Batting: SHB Ed Nelson 0-0: Foul Ball, location: 2F
0-1: Foul Ball, location: 2F
0-2: Strikes out looking
Batting: RHB Ed Vega 0-0: Foul Ball, location: 2F
0-1: Called Strike
0-2: Ball
1-2: Ball
2-2: Ball
3-2: Ground out 5-3 (Groundball, 56)
Pitching: RHP Ash Coker
Batting: RHB David Gallardo 0-0: Ball
1-0: Foul Ball, location: 2F
1-1: Fly out, F7 (Line Drive, 7)
Bottom of the 6th over - 0 runs, 0 hits, 0 errors, 0 left on base; Coronado 4 - Atlantic City 0
TOP OF THE 7TH
Coronado Eclipse batting - Pitching for Atlantic City War Dogs : LHP Mark Schlosser
Batting: RHB Arturo Franco 0-0: Called Strike
0-1: Called Strike
0-2: Strikes out swinging
Batting: SHB Luis Sotelo 0-0: Ground out 4-3 (Groundball, 4)
Batting: RHB Júlio Serra 0-0: SINGLE (Groundball, 56D)
Batting: RHB Ramón Sánchez 0-0: 2-RUN HOME RUN (Flyball, 7D), Distance : 380 ft
Pitching: LHP Jorge Acevedo
Batting: RHB Ricardo Aguilar 0-0: Ball
1-0: Called Strike
1-1: Ball
2-1: Foul Ball, location: 2F
2-2: Foul Ball, location: 2F
2-2: SINGLE (Flyball, 4MD)
Batting: LHB Todd Emery 0-0: Swinging Strike
0-1: Ball
1-1: Foul Ball, location: 2F
1-2: Strikes out swinging, 2-3 out at first.
Top of the 7th over - 2 runs, 3 hits, 0 errors, 1 left on base; Coronado 6 - Atlantic City 0
BOTTOM OF THE 7TH
Atlantic City War Dogs batting - Pitching for Coronado Eclipse : RHP Ash Coker
Batting: RHB Wyatt Wallace 0-0: Ball
1-0: Ball
2-0: Called Strike
2-1: Foul Ball, location: 2F
2-2: Foul Ball, location: 2F
2-2: Foul Ball, location: 2F
2-2: SINGLE (Groundball, 56D)
Batting: SHB Luis Días 0-0: Called Strike
0-1: Fly out, F8 (Flyball, 8RD)
Batting: RHB Jesús León 0-0: Grounds into double play, 4-6-3 (Groundball, 4)
Bottom of the 7th over - 0 runs, 1 hit, 0 errors, 0 left on base; Coronado 6 - Atlantic City 0
TOP OF THE 8TH
Coronado Eclipse batting - Pitching for Atlantic City War Dogs : LHP Jorge Acevedo
Batting: LHB Julián Díaz 0-0: Called Strike
0-1: Swinging Strike
0-2: Foul Ball, location: 2F
0-2: Ground out 4-3 (Groundball, 4)
Batting: SHB José Acevedo 0-0: Called Strike
0-1: Ball
1-1: Foul Ball, location: 2F
1-2: SOLO HOME RUN (Line Drive, 8RXD), Distance : 418 ft
Batting: LHB António Ramírez 0-0: Foul Ball, location: 2F
0-1: Ball
1-1: Ball
2-1: Ball
3-1: Base on Balls
Batting: RHB Arturo Franco 0-0: Fly out, F8 (Flyball, 8LM)
Batting: SHB Luis Sotelo 0-0: Called Strike
António Ramírez is caught stealing 2nd base
Top of the 8th over - 1 run, 1 hit, 0 errors, 0 left on base; Coronado 7 - Atlantic City 0
BOTTOM OF THE 8TH
Atlantic City War Dogs batting - Pitching for Coronado Eclipse : RHP Ash Coker
Batting: LHB Chris Martin 0-0: Ball
1-0: Called Strike
1-1: Foul Ball, location: 2F
1-2: Ball
2-2: Ball
3-2: Fly out, F5 (Popup, 5)
Batting: SHB Pedro Torres 0-0: Fly out, F5 (Popup, 56S)
Batting: RHB Kevin Robinson 0-0: Called Strike
0-1: Fly out, F8 (Flyball, 78D)
Bottom of the 8th over - 0 runs, 0 hits, 0 errors, 0 left on base; Coronado 7 - Atlantic City 0
TOP OF THE 9TH
Coronado Eclipse batting - Pitching for Atlantic City War Dogs : LHP Jorge Acevedo
Batting: SHB Luis Sotelo 0-0: Foul Ball, location: 2F
0-1: Foul Ball, location: 2F
0-2: Fly out, F6 (Flyball, 6MD)
Batting: RHB Júlio Serra 0-0: Swinging Strike
0-1: Ground out U3 (Groundball, 3)
Batting: RHB Ramón Sánchez 0-0: Ball
1-0: Swinging Strike
1-1: Ball
2-1: Ball
3-1: Called Strike
3-2: SINGLE (Line Drive, 5S)
Pitching: RHP Juan Ramos
Batting: RHB Ricardo Aguilar 0-0: Called Strike
0-1: Ball
1-1: Ball
2-1: Foul Ball, location: 2F
2-2: Ball
3-2: Strikes out swinging
Top of the 9th over - 0 runs, 1 hit, 0 errors, 1 left on base; Coronado 7 - Atlantic City 0
BOTTOM OF THE 9TH
Atlantic City War Dogs batting - Pitching for Coronado Eclipse : RHP Ash Coker
Now in LF: Vincente Ayala
Pinch Hitting: LHB Tomás Mata 0-0: Foul Ball, location: 2F
0-1: SINGLE (Line Drive, 78S)
Batting: RHB Ed Vega 0-0: Called Strike
0-1: Foul Ball, location: 2F
0-2: Strikes out swinging
Batting: RHB David Gallardo 0-0: Swinging Strike
0-1: Ball
1-1: Ball
2-1: Ball
3-1: Base on Balls
Tomás Mata to second
Batting: RHB Wyatt Wallace 0-0: Swinging Strike
0-1: Ball
1-1: Ball
2-1: Ball
3-1: SINGLE (Flyball, 8RS)
Tomás Mata to third
David Gallardo to second
Batting: SHB Luis Días 0-0: Called Strike
0-1: Ball
1-1: Ball
2-1: SINGLE (Groundball, 34D)
Tomás Mata scores
David Gallardo to third
Wyatt Wallace to second
Batting: RHB Jesús León 0-0: Fielders Choice at 2nd, 4-6 (Groundball, 4)
David Gallardo scores
Wyatt Wallace to third
Batting: LHB Chris Martin 0-0: Foul Ball, location: 2F
0-1: Ball
1-1: Ball
2-1: Foul Ball, location: 2F
2-2: Ground out 4-3 (Groundball, 4)
Bottom of the 9th over - 2 runs, 3 hits, 0 errors, 2 left on base; Coronado 7 - Atlantic City 2
Saturday, December 16th, 2017 - OOTP Baseball 18.8 Build 76